 Dungeon Crawl Stone Soup version 0.26-a0-966-gd078a86f14 (webtiles) character file.

Game seed: 5425457729300739087

46 sahdkjhfkaj the Shield-Bearer (level 3, 33/33 HPs)
             Began as a Minotaur Fighter on Dec 3, 2020.
             Quit the game on level 2 of the Dungeon.
             The game lasted 00:03:41 (1268 turns).

sahdkjhfkaj the Shield-Bearer (Minotaur Fighter)    Turns: 1268, Time: 00:03:42

Health: 33/33      AC: 11    Str: 21    XL:     3   Next: 46%
Magic:  2/2        EV:  4    Int:  5    God:
Gold:   84         SH:  9    Dex:  9    Spells: 2/2 levels left

rFire    . . .     SeeInvis .   a - +0 war axe
rCold    . . .     Faith    .   c - +0 kite shield
rNeg     . . .     Spirit   .   i - +0 plate armour
rPois    .         Reflect  .   (helmet restricted)
rElec    .         Harm     .   (no cloak)
rCorr    .         Rampage  .   (no gloves)
MR       .....                  (no boots)
Stlth    ..........             (no amulet)
HPRegen  0.11/turn              (no ring)
MPRegen  0.08/turn              (no ring)

@: no status effects
A: retaliatory headbutt, horns 2
a: no special abilities


You were on level 2 of the Dungeon.
You visited 1 branch of the dungeon, and saw 2 of its levels.

You collected 84 gold pieces.

Inventory:

Hand Weapons
 a - a +0 war axe (weapon)
Armour
 c - a +0 kite shield (worn)
 i - a +0 plate armour (worn)
Scrolls
 f - a scroll of teleportation {!r}
Potions
 d - 2 potions of might {!q}
 e - a potion of heal wounds {!q}
 g - 2 potions of mutation {!q, unknown}


   Skills:
 + Level 4.0 Fighting
 + Level 3.0 Axes
 + Level 4.1 Armour
 + Level 0.8 Dodging
 + Level 4.2 Shields


You had 2 spell levels left.
You didn't know any spells.
Your spell library was empty.

Dungeon Overview and Level Annotations

Branches:
Dungeon (2/15)

Altars:


Innate Abilities, Weirdness & Mutations

You reflexively headbutt those who attack you in melee.
You have a pair of horns on your head.


Message History

Found 20 sling bullets.
You now have 79 gold pieces (gained 15).
You now have 84 gold pieces (gained 5).
Found a scale mail.
Found an escape hatch in the ceiling.
Key pressed, stopping explore.
Found a stone staircase leading up.
No target in view!
No target in view!
No target in view!
No target in view!
Describe a (M)onster, (S)pell, s(K)ill, (A)bility, (C)ard, (I)tem, (F)eature, (G)od, (B)ranch, c(L)oud or s(T)atus?
Describe a monster; partial names and regexps are fine.
Enter a single letter to list monsters displayed by that symbol.
Describe what? g Describe a (M)onster, (S)pell, s(K)ill, (A)bility, (C)ard, (I)tem, (F)eature, (G)od, (B)ranch, c(L)oud or s(T)atus?
Okay, then.
Unknown command.
A hobgoblin comes into view. It is wielding a +0 club.
The hobgoblin shouts!
A hobgoblin is nearby!
Are you sure you want to abandon this character and quit the game? (Confirm with "yes".)

########.#.#.#..#####.....
............(...#####.....
..........#.#........##...
<.....[...............+.#.
.........##...........#.#.
.........#####........###.
.#######.# #.......#.##.
###.#####.......##...
#...@..........####..
##..#######.##.# #... #..#
#.##.##.##. #..# #. #...#
#. #..# #### #. .<.. #.
#.g.. ########. .....
......... ##.....
###....#.


You could see a hobgoblin.

Vanquished Creatures
  A dart slug (D:2)
  2 leopard geckos (D:1)
  A ball python (D:1)
  3 goblins (D:1)
  3 hobgoblins
  11 jackals (D:1)
  5 bats (D:1)
  4 frilled lizards (D:1)
  3 kobolds (D:1)
  5 rats (D:1)
38 creatures vanquished.

Vanquished Creatures (others)
  22 plants (D:1)
22 creatures vanquished.

Grand Total: 60 creatures vanquished

Notes
Turn   | Place    | Note
-------+----------+-------------------------------------------
     0 | D:1      | sahdkjhfkaj the Minotaur Fighter began the quest for the
                  | Orb.
     0 | D:1      | Reached XP level 1. HP: 19/19 MP: 0/0
    63 | D:1      | Reached XP level 2. HP: 24/27 MP: 1/1
   448 | D:1      | Reached XP level 3. HP: 32/33 MP: 2/2
  1268 | D:2      | Quit the game

Illustrated notes

Levels and vault maps discovered:
D:1:      roderic_crop_circles_arrival_small, layout_loops_corners
D:2:      layout_basic, hex_tiny, hex_intersection, uniq_sigmund

Skill      XL: |  1  2  3 |
---------------+----------+-----
Armour         | 4 |  4.1
Shields        | 4 |  4.2
Axes           | 3 |  3.0
Fighting       | 4 |  4.0
Dodging        | |  0.8

Action                   || total
-------------------------++-------
Melee: War axe           ||    88
       Headbutt          ||     9
  Use: Scroll            ||     2
Armor: Scale mail        ||    49
       Plate armour      ||     1
Dodge: Dodged            ||    37
Block: Kite shield       ||    69

Table legend: (Time is in decaauts)
 A = Elapsed time spent in this place.
 B = Non-inter-level travel time spent in this place.
 C = Inter-level travel time spent in this place.
 D = Time resting spent in this place.
 E = Time spent auto-exploring this place.
 F = Levels seen in this place.
 G = Mean time per level.
                   A        B        C        D        E       F      G
               +--------+--------+--------+--------+--------+-----+--------+
         Total |   1308 |   1242 |     66 |      0 |    998 |   2 |  654.0 |
       Dungeon |   1308 |   1242 |     66 |      0 |    998 |   2 |  654.0 |
               +--------+--------+--------+--------+--------+-----+--------+

Top non-repeatable levels by time:
     D:1: 1161 daAuts
     D:2: 146 daAuts
